 Dungeon Crawl Stone Soup version 0.18.1-50-g88ac8fd (webtiles) character file.

962 neaden the Covert (level 7, 0/32 HPs)
             Began as a Spriggan Enchanter on Sept 22, 2016.
             Slain by an ice beast (6 damage)
             ... on level 6 of the Dungeon on Sept 23, 2016.
             The game lasted 00:40:26 (5111 turns).

neaden the Covert (Spriggan Enchanter)              Turns: 5111, Time: 00:40:27

Health: 0/32       AC:  5    Str:  6    XL:     7   Next: 92%
Magic:  11/12      EV: 20    Int: 16    God:
Gold:   178        SH:  0    Dex: 19    Spells: 4 memorised, 4 levels left

rFire  + . .     SeeInvis +     a - +1 dagger
rCold  . . .     Gourm    .     b - +2 robe
rNeg   . . .     Faith    .     (shield restricted)
rPois  +         Spirit   .     i - +0 hat of Gozag's Hope {*Drain rF+ Dex+2}
rElec  .         Dismiss  .     m - +0 cloak
rCorr  .         Reflect  .     (gloves unavailable)
SustAt .         Harm     .     (boots unavailable)
MR     +....                    (no amulet)
Stlth  +++++.....               (no ring)
                                v - ring of poison resistance

@: very quick, somewhat resistant to hostile enchantments, quite stealthy
A: unfitting armour, see invisible, herbivore 3, speed 3, slow metabolism 2
a: no special abilities


You were on level 6 of the Dungeon.
You were not hungry.

You visited 1 branch of the dungeon, and saw 6 of its levels.

You collected 178 gold pieces.

Inventory:

Hand Weapons
 a - a +1 dagger (weapon)
Missiles
 q - 61 arrows
Armour
 b - a +2 robe (worn)
 i - the +0 hat of Gozag's Hope (worn) {*Drain rF+ Dex+2}
   (You found it on level 1 of the Dungeon)

   It affects your dexterity (+2).
   It protects you from fire.
   It causes draining when unequipped.
 m - a +0 cloak (worn)
 r - a +0 pair of gloves
Jewellery
 e - an uncursed ring of teleportation
 v - a ring of poison resistance (left hand)
Wands
 o - a wand of paralysis (4/24)
 u - a wand of digging (13/24)
 G - a wand of random effects (26/48)
Scrolls
 g - 4 scrolls of identify
 k - 2 scrolls of enchant armour
 l - a scroll of magic mapping
 p - a scroll of enchant weapon {unknown}
 s - 2 scrolls of teleportation {unknown}
 t - 2 scrolls of fog {unknown}
 x - a scroll of noise {unknown}
 y - 4 scrolls of remove curse
 A - a scroll of random uselessness {unknown}
 B - a scroll of recharging {unknown}
 D - a scroll of immolation {unknown}
 E - a scroll of fear {unknown}
Potions
 f - 2 potions of ambrosia {unknown}
 h - 2 potions of brilliance {unknown}
 j - a potion of agility {unknown}
 n - 2 potions of mutation {unknown}
 w - 2 potions of heal wounds {unknown}
 z - a potion of cure mutation {unknown}
 F - a potion of haste {unknown}
Books
 c - a book of Maledictions

   Spells                             Type                      Level
   a - Corona                         Hexes                        1
   b - Ensorcelled Hibernation        Hexes/Ice                    2
   c - Confuse                        Hexes                        3
   d - Tukima's Dance                 Hexes                        3
   e - Dazzling Spray                 Conjuration/Hexes            3
 C - a book of Spatial Translocations

   Spells                             Type                      Level
   a - Apportation                    Translocation                1
   b - Blink                          Translocation                2
   c - Shroud of Golubria             Charms/Translocation         2
   d - Portal Projectile              Translocation                3
   e - Teleport Other                 Translocation                3
   f - Passage of Golubria            Translocation                4
Comestibles
 d - 3 bread rations


   Skills:
 - Level 0.7 Fighting
 - Level 7.0 Short Blades
 + Level 4.4 Dodging
 + Level 9.5 Stealth
 + Level 3.1 Spellcasting
 - Level 3.6 Hexes
 - Level 0.8 Ice Magic
 - Level 1.0 Evocations


You had 4 spell levels left.
You knew the following spells:

 Your Spells              Type           Power        Failure   Level  Hunger
a - Corona                Hex            ##.....      6%          1    None
b - Ensorcelled Hibernat  Hex/Ice        #.....       12%         2    ##.....
c - Confuse               Hex            ##......     14%         3    ###....
d - Blink                 Tloc           N/A          30%         2    ##.....


Dungeon Overview and Level Annotations

Branches:
Dungeon (6/15)
 Temple: D:4-7

Altars:
Gozag
Pakellas
Ru


Innate Abilities, Weirdness & Mutations

You are tiny and cannot use many weapons and most armour.
You have supernaturally acute eyesight.
You are a herbivore.
You cover ground extremely quickly.
You need consume almost no food.


Message History

The ice beast hits you but does no damage.
You hit the ice beast.
The ice beast is moderately wounded.
The ice beast misses you.
You hit the ice beast but do no damage.
The ice beast is moderately wounded.
The ice beast completely misses you.
You hit the ice beast.
The ice beast is heavily wounded.
You hit the ice beast but do no damage.
The ice beast is heavily wounded.
The ice beast completely misses you.
You hit the ice beast but do no damage.
The ice beast is heavily wounded.
The ice beast hits you. The ice beast freezes you!
* * * LOW HITPOINT WARNING * * *
The ice beast hits you.
* * * LOW HITPOINT WARNING * * *
The ice beast freezes you.
You die...

#####..########...
...............#.##
######............#
#####.###Y#..# #.#
#.#..# ######.#..#
# #.#_##.#..#
.#.#.#.#.8.....#
........@%..##.#
.........Y.###.#
.#.#.#.#.8.###.###
# #_#_#.......#
#####..####.# #..#
..# ..... ..#
####..# #..# ..##
#..#


You could see an ice beast.

Vanquished Creatures
  Eustachio (D:5)
  Edmund (D:6)
  2 sky beasts
  An ice beast (D:5)
  3 scorpions
  A crimson imp (D:5)
  3 hounds
  An orc priest (D:4)
  6 adders
  3 worms (D:2)
  A giant gecko (D:4)
  5 orcs
  2 ball pythons
  5 giant cockroaches
  4 hobgoblins (D:1)
  8 jackals
  2 quokkas (D:5)
  7 bats
  A giant cockroach zombie (D:5)
  7 giant newts
  11 goblins
  7 kobolds
  A quokka skeleton (D:4)
  6 rats
89 creatures vanquished.

Notes
Turn   | Place    | Note
--------------------------------------------------------------
     0 | D:1      | neaden the Spriggan Enchanter began the quest for the Orb.
     0 | D:1      | Reached XP level 1. HP: 9/9 MP: 5/5
   101 | D:1      | Reached skill level 5 in Stealth
   126 | D:1      | Reached XP level 2. HP: 12/13 MP: 6/6
   532 | D:1      | Reached skill level 6 in Stealth
   839 | D:1      | Reached XP level 3. HP: 16/16 MP: 8/8
   877 | D:1      | Got a bloodstained hat
   883 | D:1      | Identified the +0 hat of Gozag's Hope {*Drain rF+ Dex+2} (You found it on level 1 of the Dungeon)
   940 | D:1      | Learned a level 2 spell: Ensorcelled Hibernation
   944 | D:1      | Learned a level 3 spell: Confuse
  1418 | D:2      | Reached skill level 7 in Stealth
  1418 | D:2      | Reached XP level 4. HP: 21/21 MP: 3/9
  2586 | D:4      | Reached XP level 5. HP: 25/25 MP: 10/10
  3118 | D:4      | Reached skill level 8 in Stealth
  3315 | D:5      | Entered Level 5 of the Dungeon
  3430 | D:5      | Noticed a phantom
  3566 | D:5      | Reached XP level 6. HP: 20/29 MP: 11/11
  3686 | D:5      | Noticed Eustachio
  3686 | D:5      | Noticed a sky beast
  3739 | D:5      | Killed Eustachio
  3739 | D:5      | Reached skill level 5 in Short Blades
  3796 | D:5      | Killed a sky beast
  3796 | D:5      | Reached XP level 7. HP: 5/32 MP: 8/12
  4129 | D:5      | Reached skill level 1 in Evocations
  4542 | D:5      | Learned a level 2 spell: Blink
  4645 | D:6      | Noticed Edmund
  4652 | D:6      | Killed Edmund
  4652 | D:6      | Reached skill level 9 in Stealth
  5062 | D:6      | Found a sacrificial altar of Ru.
  5065 | D:6      | Found an opulent altar of Gozag.
  5075 | D:6      | Found an oddly glowing altar of Pakellas.
  5111 | D:6      | Slain by an ice beast

Skill      XL: |  1  2  3  4  5  6  7 |
---------------+----------------------+-----
Stealth        | 5 6 7 8 9 |  9.5
Short Blades   | 2 4 6 7 |  7.0
Evocations     | 1 |  1.0
Dodging        | 4 |  4.4
Spellcasting   | 3 |  3.1
Fighting       | |  0.7
Hexes          | |  3.6
Ice Magic      | |  0.8

Action                   |  1- 3 |  4- 6 |  7- 9 || total
-------------------------+-------+-------+-------++-------
Melee: Dagger            |   214 |   179 |   117 ||   510
 Cast: Corona            |     3 |       |     4 ||     7
       Ensorcelled Hiber |     5 |    15 |     7 ||    27
       Confuse           |     1 |     1 |       ||     2
Evoke: Wand              |       |     3 |       ||     3
  Use: Scroll            |     4 |     2 |       ||     6
 Stab: Sleeping          |    11 |    17 |     5 ||    33
       Distracted        |     2 |       |       ||     2
       Paralysed         |       |     2 |       ||     2
  Eat: Pizza             |       |     1 |       ||     1
       Bread ration      |       |     1 |       ||     1
Armor: Robe              |    28 |    21 |     9 ||    58
Dodge: Dodged            |   204 |   114 |    67 ||   385
